MLB
ST. LOUIS CARDINALS @ ARIZONA DIAMONDBACKS
04/14/2024
 
TOP OF THE 1ST
St. Louis Cardinals batting - Pitching for Arizona Diamondbacks : RHP Shohei Ohtani
Pitching: RHP Shohei Ohtani
Batting: LHB Chris Cassidy 0-0: Ball
1-0: Ball
2-0: Foul Ball, location: 2F
2-1: Called Strike
2-2: Ball
3-2: Strikes out looking
Batting: LHB J.J. Bleday 0-0: Ball
1-0: Called Strike
1-1: Foul Ball, location: 7LDF
1-2: SOLO HOME RUN (Flyball, 89XD, EV 98.8 MPH), Distance : 393 ft
Batting: LHB Gary Copeland 0-0: Foul Ball, location: 2F
0-1: Foul Ball, location: 7LSF
0-2: Ball
1-2: Strikes out swinging
Batting: RHB Brady Vanderbilt 0-0: Ball
1-0: Foul Ball, location: 2F
1-1: Ball
2-1: SINGLE (Groundball, 6MD, EV 95.0 MPH)
Batting: RHB Maikel Franco 0-0: Called Strike
0-1: Fly out, F9 (Flyball, 9, EV 80.6 MPH)
Top of the 1st over - 1 run, 2 hits, 0 errors, 1 left on base; St. Louis 1 - Arizona 0
BOTTOM OF THE 1ST
Arizona Diamondbacks batting - Pitching for St. Louis Cardinals : RHP Duncan Duimelaar
Pitching: RHP Duncan Duimelaar
Batting: SHB Juan Morín 0-0: Ball
1-0: Fly out, F8 (Flyball, 8LM, EV 87.5 MPH)
Batting: LHB Jeremy Scott 0-0: Foul Ball, location: 2F
0-1: Ball
1-1: SINGLE (Line Drive, 89S, EV 105.6 MPH)
Batting: RHB Vladimir Guerrero Jr. 0-0: Called Strike
0-1: Foul Ball, location: 2F
0-2: Ball
1-2: Foul Ball, location: 2F
1-2: Foul Ball, location: 25F
1-2: Fly out, F7 (Flyball, 7S, EV 91.9 MPH)
Batting: LHB Shohei Ohtani 0-0: Ball
1-0: Swinging Strike
1-1: Ball
2-1: SINGLE (Line Drive, 7S, EV 90.6 MPH)
Jeremy Scott to second
Runner from 2nd tries for 3rd, SAFE, throw by LF made to third
Batting: SHB Bill Harrison 0-0: Called Strike
0-1: Foul Ball, location: 9LMF
0-2: Fly out, F8 (Flyball, 8RXD, EV 100.6 MPH)
Bottom of the 1st over - 0 runs, 2 hits, 0 errors, 2 left on base; St. Louis 1 - Arizona 0
TOP OF THE 2ND
St. Louis Cardinals batting - Pitching for Arizona Diamondbacks : RHP Shohei Ohtani
Batting: RHB James Hardy Jr. 0-0: Foul Ball, location: 25F
0-1: Ball
1-1: Ball
2-1: Ground out 6-3 (Groundball, 6M, EV 88.1 MPH)
Batting: LHB Michael Sharp 0-0: Fly out, F8 (Flyball, 8LM, EV 86.3 MPH)
Batting: RHB John Taylor 0-0: Swinging Strike
0-1: Ball
1-1: Foul Ball, location: 7LMF
1-2: Ball
2-2: Foul Ball, location: 2F
2-2: Strikes out swinging
Top of the 2nd over - 0 runs, 0 hits, 0 errors, 0 left on base; St. Louis 1 - Arizona 0
BOTTOM OF THE 2ND
Arizona Diamondbacks batting - Pitching for St. Louis Cardinals : RHP Duncan Duimelaar
Batting: LHB Norm Rolli 0-0: Called Strike
0-1: Ball
1-1: Called Strike
1-2: Foul Ball, location: 25FF
1-2: Foul Ball, location: 3DF
1-2: Ball
2-2: Foul Ball, location: 2F
2-2: Ground out 4-3 (Groundball, 4, EV 81.9 MPH)
Batting: RHB George Butler 0-0: Foul Ball, location: 3FF
0-1: Ball
1-1: Ball
2-1: Foul Ball, location: 9LSF
2-2: Foul Ball, location: 5F
2-2: Ground out 4-3 (Groundball, 4S, EV 81.3 MPH)
Batting: SHB Adley Rutschman 0-0: Foul Ball, location: 9LDF
0-1: SINGLE (Groundball, 34D, EV 98.1 MPH)
Batting: RHB Lil'Jordan Humphrey 0-0: Ball
1-0: Ball
2-0: Ball
3-0: Called Strike
3-1: Fielders Choice at 2nd, 6-4 (Groundball, 6, EV 85.6 MPH)
Bottom of the 2nd over - 0 runs, 1 hit, 0 errors, 1 left on base; St. Louis 1 - Arizona 0
TOP OF THE 3RD
St. Louis Cardinals batting - Pitching for Arizona Diamondbacks : RHP Shohei Ohtani
Batting: RHB Reid Williams 0-0: Foul Ball, location: 9LDF
0-1: SINGLE (Line Drive, 34D, EV 68.8 MPH)
Batting: LHB Chris Cassidy 0-0: Foul Ball, location: 2F
0-1: Foul Ball, location: 23F
0-2: Strikes out swinging
Batting: LHB J.J. Bleday 0-0: Called Strike
0-1: Swinging Strike
0-2: Ball
Balk!
Reid Williams to second
1-2: Ground out 4-3 (Groundball, 34, EV 102.5 MPH)
Reid Williams to third
Batting: LHB Gary Copeland 0-0: Called Strike
0-1: Foul Ball, location: 2F
0-2: Strikes out swinging
Top of the 3rd over - 0 runs, 1 hit, 0 errors, 1 left on base; St. Louis 1 - Arizona 0
BOTTOM OF THE 3RD
Arizona Diamondbacks batting - Pitching for St. Louis Cardinals : RHP Duncan Duimelaar
Batting: SHB Juan Morín 0-0: Ball
1-0: Foul Ball, location: 2F
1-1: Swinging Strike
1-2: Ball
2-2: Ground out 3-1 (Groundball, 34, EV 81.9 MPH)
Batting: LHB Jeremy Scott 0-0: Called Strike
0-1: Ground out 6-3 (Groundball, 6, EV 100.6 MPH)
Batting: RHB Vladimir Guerrero Jr. 0-0: Ball
1-0: Called Strike
1-1: Ball
2-1: Swinging Strike
2-2: Ground out 6-3 (Groundball, 6, EV 108.8 MPH)
Bottom of the 3rd over - 0 runs, 0 hits, 0 errors, 0 left on base; St. Louis 1 - Arizona 0
TOP OF THE 4TH
St. Louis Cardinals batting - Pitching for Arizona Diamondbacks : RHP Shohei Ohtani
Batting: RHB Brady Vanderbilt 0-0: Ball
1-0: Ball
2-0: Called Strike
2-1: Swinging Strike
2-2: Foul Ball, location: 5F
2-2: Ball
3-2: Ground out 5-3 (Groundball, 5L, EV 90.0 MPH)
Batting: RHB Maikel Franco 0-0: Fly out, F9 (Flyball, 9, EV 91.9 MPH)
Batting: RHB James Hardy Jr. 0-0: Ball
1-0: Foul Ball, location: 9LSF
1-1: Ball
2-1: Ball
3-1: Called Strike
3-2: Foul Ball, location: 5F
3-2: Strikes out swinging
Top of the 4th over - 0 runs, 0 hits, 0 errors, 0 left on base; St. Louis 1 - Arizona 0
BOTTOM OF THE 4TH
Arizona Diamondbacks batting - Pitching for St. Louis Cardinals : RHP Duncan Duimelaar
Batting: LHB Shohei Ohtani 0-0: Fly out, F7 (Line Drive, 7S, EV 97.5 MPH)
Batting: SHB Bill Harrison 0-0: Ball
1-0: Ground out U3 (Groundball, 34, EV 85.6 MPH)
Batting: LHB Norm Rolli 0-0: Ball
1-0: Foul Ball, location: 23F
1-1: Fly out, F7 (Flyball, 7S, EV 81.3 MPH)
Bottom of the 4th over - 0 runs, 0 hits, 0 errors, 0 left on base; St. Louis 1 - Arizona 0
TOP OF THE 5TH
St. Louis Cardinals batting - Pitching for Arizona Diamondbacks : RHP Shohei Ohtani
Batting: LHB Michael Sharp 0-0: Called Strike
0-1: Ball
1-1: Swinging Strike
1-2: Strikes out looking
Batting: RHB John Taylor 0-0: Ball
1-0: Ball
2-0: Called Strike
2-1: Swinging Strike
2-2: Ball
3-2: Fly out, F8 (Flyball, 8RM, EV 92.5 MPH)
Batting: RHB Reid Williams 0-0: Ball
1-0: Called Strike
1-1: Foul Ball, location: 2LF
1-2: Ball
2-2: Strikes out swinging
Top of the 5th over - 0 runs, 0 hits, 0 errors, 0 left on base; St. Louis 1 - Arizona 0
BOTTOM OF THE 5TH
Arizona Diamondbacks batting - Pitching for St. Louis Cardinals : RHP Duncan Duimelaar
Batting: RHB George Butler 0-0: Swinging Strike
0-1: Foul Ball, location: 7LMF
0-2: Ball
1-2: Fly out, F1 (Line Drive, P, EV 71.9 MPH)
Batting: SHB Adley Rutschman 0-0: Ball
1-0: Ground out 3-1 (Groundball, 34, EV 100.6 MPH)
Batting: RHB Lil'Jordan Humphrey 0-0: Ball
1-0: Swinging Strike
1-1: Ball
2-1: Ball
3-1: Base on Balls
Batting: SHB Juan Morín 0-0: Called Strike
0-1: Foul Ball, location: 23FF
0-2: Fly out, F9 (Line Drive, 89D, EV 89.4 MPH)
Bottom of the 5th over - 0 runs, 0 hits, 0 errors, 1 left on base; St. Louis 1 - Arizona 0
TOP OF THE 6TH
St. Louis Cardinals batting - Pitching for Arizona Diamondbacks : RHP Shohei Ohtani
Batting: LHB Chris Cassidy 0-0: Foul Ball, location: 9LMF
0-1: Ball
1-1: Called Strike
1-2: Strikes out swinging
Pitching: RHP Ryan Simmons
Batting: LHB J.J. Bleday 0-0: SINGLE (Line Drive, 89S, EV 93.1 MPH)
Batting: LHB Gary Copeland 0-0: Foul Ball, location: 2F
0-1: Foul Ball, location: 25F
0-2: Ball
1-2: Fly out, F6 (Line Drive, 6D, EV 63.8 MPH)
Batting: RHB Brady Vanderbilt 0-0: Ground out 4-3 (Groundball, 4S, EV 94.4 MPH)
Top of the 6th over - 0 runs, 1 hit, 0 errors, 1 left on base; St. Louis 1 - Arizona 0
BOTTOM OF THE 6TH
Arizona Diamondbacks batting - Pitching for St. Louis Cardinals : RHP Duncan Duimelaar
Batting: LHB Jeremy Scott 0-0: Swinging Strike
0-1: Ball
1-1: Ball
2-1: SINGLE (Line Drive, 89S, EV 106.9 MPH)
Batting: RHB Vladimir Guerrero Jr. 0-0: Called Strike
0-1: Ball
1-1: Foul Ball, location: 3SF
1-2: Fly out, F7 (Flyball, 7D, EV 109.4 MPH)
Batting: LHB Shohei Ohtani 0-0: Ball
1-0: Ball
2-0: SINGLE (Groundball, 6MD, EV 93.8 MPH)
Jeremy Scott to second
Batting: SHB Bill Harrison 0-0: Ball
1-0: Ball
2-0: Grounds into double play, 4-6-3 (Groundball, 4, EV 109.4 MPH)
Bottom of the 6th over - 0 runs, 2 hits, 0 errors, 1 left on base; St. Louis 1 - Arizona 0
TOP OF THE 7TH
St. Louis Cardinals batting - Pitching for Arizona Diamondbacks : RHP Ryan Simmons
Batting: RHB Maikel Franco 0-0: Ball
1-0: Called Strike
1-1: Foul Ball, location: 9LMF
1-2: Ball
2-2: Strikes out swinging
Batting: RHB James Hardy Jr. 0-0: Ball
1-0: Called Strike
1-1: Foul Ball, location: 3DF
1-2: Ball
2-2: Ground out 1-3 (Groundball, 15S, EV 65.0 MPH)
Batting: LHB Michael Sharp 0-0: Swinging Strike
0-1: Ball
1-1: Ball
2-1: Foul Ball, location: 2F
2-2: Ball
3-2: Foul Ball, location: 3F
3-2: Base on Balls
Batting: RHB John Taylor 0-0: Swinging Strike
0-1: Swinging Strike
0-2: Strikes out swinging
Top of the 7th over - 0 runs, 0 hits, 0 errors, 1 left on base; St. Louis 1 - Arizona 0
BOTTOM OF THE 7TH
Arizona Diamondbacks batting - Pitching for St. Louis Cardinals : RHP Duncan Duimelaar
Batting: LHB Norm Rolli 0-0: Called Strike
0-1: Ball
1-1: Foul Ball, location: 5F
1-2: Foul Ball, location: 2F
1-2: Ball
2-2: Ball
3-2: Ground out 4-3 (Groundball, 4, EV 103.1 MPH)
Batting: RHB George Butler 0-0: SINGLE (Groundball, 6MD, EV 103.1 MPH)
Pitching: RHP Curt Woods
Batting: SHB Adley Rutschman 0-0: Foul Ball, location: 2F
0-1: Ball
1-1: Ball
2-1: Fly out, F7 (Flyball, 78M, EV 100.0 MPH)
Batting: RHB Lil'Jordan Humphrey 0-0: Ball
1-0: Called Strike
George Butler steals 2nd base
1-1: Fly out, F9 (Flyball, 9D, EV 89.4 MPH)
Bottom of the 7th over - 0 runs, 1 hit, 0 errors, 1 left on base; St. Louis 1 - Arizona 0
TOP OF THE 8TH
St. Louis Cardinals batting - Pitching for Arizona Diamondbacks : RHP Ryan Simmons
Pitching: LHP Cionel Perez
Batting: RHB Reid Williams 0-0: Called Strike
0-1: Called Strike
0-2: Ball
1-2: Strikes out swinging
Batting: LHB Chris Cassidy 0-0: Called Strike
0-1: Ball
1-1: Foul Ball, location: 2F
1-2: Strikes out looking
Batting: LHB J.J. Bleday 0-0: Swinging Strike
0-1: Foul Ball, location: 5DF
0-2: Strikes out swinging
Top of the 8th over - 0 runs, 0 hits, 0 errors, 0 left on base; St. Louis 1 - Arizona 0
BOTTOM OF THE 8TH
Arizona Diamondbacks batting - Pitching for St. Louis Cardinals : RHP Curt Woods
Batting: SHB Juan Morín 0-0: Ball
1-0: Fly out, F7 (Line Drive, 78M, EV 99.4 MPH)
Batting: LHB Jeremy Scott 0-0: Ball
1-0: SINGLE (Line Drive, 9LS, EV 100.6 MPH)
Batting: RHB Vladimir Guerrero Jr. 0-0: Ball
1-0: Foul Ball, location: 2F
1-1: Foul Ball, location: 2F
1-2: Strikes out swinging
Batting: LHB Shohei Ohtani 0-0: Ball
1-0: Swinging Strike
1-1: Foul Ball, location: 23F
1-2: Ball
2-2: Foul Ball, location: 3FF
2-2: Ball
3-2: Foul Ball, location: 2F
3-2: Strikes out swinging
Bottom of the 8th over - 0 runs, 1 hit, 0 errors, 1 left on base; St. Louis 1 - Arizona 0
TOP OF THE 9TH
St. Louis Cardinals batting - Pitching for Arizona Diamondbacks : LHP Cionel Perez
Batting: LHB Gary Copeland 0-0: Ball
1-0: Ball
2-0: Fly out, F7 (Flyball, 7, EV 82.5 MPH)
Batting: RHB Brady Vanderbilt 0-0: Called Strike
0-1: SOLO HOME RUN (Flyball, 7D, EV 97.5 MPH), Distance : 371 ft
Batting: RHB Maikel Franco 0-0: Called Strike
0-1: Fly out, F9 (Line Drive, 89M, EV 98.1 MPH)
Batting: RHB James Hardy Jr. 0-0: Ball
1-0: Ball
2-0: Called Strike
2-1: Foul Ball, location: 5F
2-2: Foul Ball, location: 2RF
2-2: Strikes out swinging
Top of the 9th over - 1 run, 1 hit, 0 errors, 0 left on base; St. Louis 2 - Arizona 0
BOTTOM OF THE 9TH
Arizona Diamondbacks batting - Pitching for St. Louis Cardinals : RHP Curt Woods
Pitching: RHP Kumar Rocker
Batting: SHB Bill Harrison 0-0: Ball
1-0: Called Strike
1-1: Hit by Pitch
Batting: LHB Norm Rolli 0-0: Called Strike
0-1: DOUBLE (Flyball, 8RXD, EV 96.9 MPH)
Bill Harrison to third
Pinch Hitting: LHB Joey Gallo 0-0: Swinging Strike
0-1: Foul Ball, location: 2F
0-2: Ball
1-2: Ball
2-2: Strikes out looking
Batting: SHB Adley Rutschman 0-0: Ball
1-0: Ball
2-0: Foul Ball, location: 7LMF
2-1: Fly out, F8 (Flyball, 8LM, EV 95.0 MPH)
Batting: RHB Lil'Jordan Humphrey 0-0: Ball
1-0: Swinging Strike
1-1: Ball
2-1: Ball
3-1: Called Strike
3-2: Strikes out looking
Bottom of the 9th over - 0 runs, 1 hit, 0 errors, 2 left on base; St. Louis 2 - Arizona 0
Tuesday, April 23rd , 2024 - OOTP Baseball 24.11 Build 85